 Dungeon Crawl Stone Soup version 0.27.1-3-gb3d3a73c9e (webtiles) character file.

Game seed: 5361003542134489902

127 ZARRMARR the Conjurer (level 5, -1/34 HPs)
             Began as an Octopode Conjurer on Oct 23, 2021.
             Slain by a killer bee (5 damage)
             ... on level 3 of the Dungeon.
             The game lasted 00:03:57 (3022 turns).

ZARRMARR the Conjurer (Octopode Conjurer)           Turns: 3022, Time: 00:03:57

Health: -1/34      AC:  1    Str:  6    XL:     5   Next: 11%
Magic:  1/9        EV: 13    Int: 27    God:
Gold:   103        SH:  0    Dex: 11    Spells: 6/9 levels left

rFire    . . .     SeeInvis .   g - +0 short sword
rCold    . . .     Faith    .   (no shield)
rNeg     . . .     Spirit   .   (helmet restricted)
rPois    .         Reflect  .   (no amulet)
rElec    .         Harm     .   h - +6 ring of intelligence
rCorr    .         Rampage  .   (no ring)
Will     .....                  (no ring)
Stlth    +++.......             (no ring)
HPRegen  0.11/turn              (no ring)
MPRegen  0.11/turn              (no ring)
                                (no ring)
                                (no ring)

@: lethally poisoned (-1 -> -5)
A: almost no armour, amphibious, 8 rings, camouflage 1, gelatinous body 1,
(nimble swimmer 1), tentacles
a: no special abilities


You were on level 3 of the Dungeon.
You visited 1 branch of the dungeon, and saw 4 of its levels.

You collected 103 gold pieces.

Inventory:

Hand Weapons
 g - a +0 short sword (weapon)
Missiles
 e - a throwing net
Jewellery
 b - a ring of fire
 h - a +6 ring of intelligence (left tentacle)
 j - a ring of fire
Scrolls
 a - a scroll of teleportation {unknown}
 c - a scroll of enchant weapon {unknown}
 d - 2 scrolls of identify {unknown}
 f - 2 scrolls of vulnerability {unknown}
 i - a scroll of fog {unknown}


   Skills:
 + Level 2.1 Fighting
 + Level 3.0 Dodging
 - Level 2.6 Stealth
 + Level 2.9 Spellcasting
 + Level 4.6 Conjurations


You had 6 spell levels left.
You knew the following spells:

 Your Spells              Type           Power      Damage    Failure   Level
a - Magic Dart            Conj           100%       1d8       1%          1
b - Searing Ray           Conj           58%        3d5       1%          2

Your spell library contained the following spells:

 Spells                   Type           Power      Damage    Failure   Level
 Beastly Appendage        Tmut           6%         N/A       9%          1
 Dazzling Flash           Conj/Hex       32%        N/A       11%         3
 Wereblood                Tmut           3%         N/A       14%         2
 Inner Flame              Hex/Fire       3%         N/A       26%         3
 Ozocubu's Armour         Ice            3%         N/A       26%         3
 Spider Form              Tmut/Pois      1%         N/A       26%         3
 Fulminant Prism          Conj/Hex       8%         3d7       34%         4
 Iskenderun's Mystic Bla  Conj/Tloc      16%        2d5       34%         4
 Simulacrum               Ice/Necr       1%         N/A       100%        6


Dungeon Overview and Level Annotations

Branches:
Dungeon (4/15)
 Temple: D:4-7

Altars:
Kikubaaqudgha
Xom

Annotations:
D:3 Sigmund


Innate Abilities, Weirdness & Mutations

You cannot wear most types of armour.
You are amphibious.
You can wear up to eight rings at the same time.
Your skin changes colour to match your surroundings (Stealth+).
Your rubbery body absorbs attacks. (AC +1, EV +1)
((You are camouflaged near water. (Stealth+)))
You have tentacles for arms and can constrict up to eight enemies at once.


Message History

The killer bee stings you.
Casting: Searing Ray (safe; 2% risk of failure)
Confirm with . or Enter, or press ? or * to list all spells.
Aiming: Searing Ray (safe; 2% risk of failure)
Press: ? - help, Shift-Dir - straight line, f - killer bee
Aim: a killer bee (heavily wounded, 58% to hit)
The searing ray hits the killer bee.
The killer bee is moderately wounded.
The searing ray hits the killer bee!
You kill the killer bee! (Press . to maintain the ray.)
The killer bee barely misses you. The killer bee closely misses you.
Your Fighting skill increases to level 2!
Your Dodging skill increases to level 3!
You have reached level 5!
You feel agile.
The searing ray misses the killer bee.
The killer bee stings you!
You are poisoned.
The killer bee poisons you! The killer bee stings you!
* * * LOW HITPOINT WARNING * * *
Unknown command.
You barely miss the killer bee. Your grab misses the killer bee.
The killer bee is moderately wounded.
* * * LOW HITPOINT WARNING * * *
You feel very sick.
The killer bee barely misses you. x2; The killer bee closely misses you.
Casting: Searing Ray (safe; 1% risk of failure)
Confirm with . or Enter, or press ? or * to list all spells.
You don't have enough magic to cast this spell.
Unknown command.
* * * LOW HITPOINT WARNING * * *
You feel sick. The killer bee completely misses you.
The killer bee closely misses you.
Unknown command.
Unknown command.
You closely miss the killer bee. Your grab misses the killer bee.
The killer bee is moderately wounded.
* * * LOW HITPOINT WARNING * * *
You feel sick. The killer bee closely misses you. The killer bee stings you.
You die...

#.###.# #.# #.# #.#...# ..# #.#
#.########.####.#@..# ..###.#
#.##..............#.#
......#######............##..###.
##.#.###.........###........#.#.#
##.#.###.#.#####.###.#.####.....#
.......#.#.# #.....#.# #.###.#
.........#.# #y###.#.####.###.#
##.....(.#.#####@###.#..........#
#.....).............######.#####
#.....#.#..####.###.# #.#####
##..#.##.##.# #.# #.# #).....
....#.##.##.# #.# #.######.####.
###.#.##.##.####.###...##.#.# #.
#.#.##...>.....##.........# #.
#.#.##..<.................## #. #
#.#.##.....#####.##...)....# #.


You could see a killer bee.

Vanquished Creatures
  A killer bee (D:3)
  4 adders
  2 worms
  A dart slug (D:2)
  5 bats
  4 endoplasms
  3 giant cockroaches
  2 hobgoblins
  4 ball pythons (D:2)
  5 frilled lizards
  2 goblins (D:3)
  6 kobolds
  7 rats
46 creatures vanquished.

Notes
Turn   | Place    | Note
-------+----------+-------------------------------------------
     0 | D:1      | ZARRMARR the Octopode Conjurer began the quest for the Orb.
     0 | D:1      | Reached XP level 1. HP: 11/11 MP: 3/3
    85 | D:1      | Found a faded altar of an unknown god.
   599 | D:2      | Reached XP level 2. HP: 18/18 MP: 0/5
   602 | D:2      | Learned a level 2 spell: Searing Ray
  1294 | D:2      | Reached skill level 1 in Fighting
  1361 | D:2      | Reached XP level 3. HP: 23/23 MP: 3/6
  2106 | D:3      | Noticed Sigmund
  2121 | D:3      | Found an ancient bone altar of Kikubaaqudgha.
  2249 | D:3      | Reached XP level 4. HP: 28/28 MP: 4/7
  2763 | D:3      | Found a shimmering altar of Xom.
  2768 | D:3      | Got the Guide on the Scorching Glacier
  3019 | D:3      | Reached XP level 5. HP: 25/34 MP: 1/9
  3022 | D:3      | Slain by a killer bee

Illustrated notes

Levels and vault maps discovered:
D:1:      scummos_arrival_forest, layout_rooms,
          hellmonk_ecumenical_altar_heavens_door
D:2:      layout_loops_corners
D:3:      layout_loops_ring, nicolae_overflow_hidden_temple,
          mainiacjoe_overflow_alcove_2, minmay_misc_feat_ornament, uniq_sigmund
D:4:      layout_gridville, minmay_temple_entry_arrows,
          gammafunk_ghost_necromancy

Skill      XL: |  1  2  3  4 |
---------------+-------------+-----
Fighting       | 1 2 |  2.1
Dodging        | 3 |  3.0
Stealth        | |  2.6
Spellcasting   | |  2.9
Conjurations   | |  4.6

Action                   |  1- 3 |  4- 6 || total
-------------------------+-------+-------++-------
Melee: Unarmed           |    11 |       ||    11
       Tentacles         |     4 |       ||     4
       Constrict         |     3 |       ||     3
       Short sword       |       |     2 ||     2
 Cast: Magic Dart        |    65 |     8 ||    73
       Searing Ray       |     3 |     6 ||     9
  Use: Scroll            |     1 |       ||     1
Armor: Skin              |     4 |       ||     4
Dodge: Dodged            |    14 |    12 ||    26
